AAA
OTTAWA ODDBALLS @ WILKES-BARRE BARONS
04/17/2052
 
TOP OF THE 1ST
Ottawa Oddballs batting - Pitching for Buffalo Bisons : LHP Jose Castillo
Pitching: LHP Jose Castillo
Batting: RHB Roger Enfield 0-0: Ball
1-0: Ball
2-0: Fly out, F9 (Flyball, 89D, EV 74.4 MPH)
Batting: RHB Justin Eddy 0-0: Ball
1-0: Called Strike
1-1: SINGLE (Groundball, 6MS, EV 76.9 MPH) (infield hit)
Batting: LHB Jason Sanders 0-0: Foul Ball, location: 2F
0-1: Ball
1-1: Ball
2-1: Foul Ball, location: 2F
2-2: Fly out, F8 (Flyball, 8RM, EV 86.9 MPH)
Batting: RHB Joe Gibbs 0-0: Swinging Strike
0-1: Called Strike
0-2: Strikes out swinging
Top of the 1st over - 0 runs, 1 hit, 0 errors, 1 left on base; Ottawa 0 - Buffalo 0
BOTTOM OF THE 1ST
Buffalo Bisons batting - Pitching for Ottawa Oddballs : RHP Javier Pedro
Pitching: RHP Javier Pedro
Batting: SHB Hugh Piazza 0-0: Ground out 4-3 (Groundball, 4, EV 97.5 MPH)
Batting: RHB Venceslás Nazario 0-0: Ground out 6-3 (Groundball, 6, EV 86.9 MPH)
Batting: LHB Tyler Jordan 0-0: Called Strike
0-1: Called Strike
0-2: Ball
1-2: DOUBLE (Line Drive, 89D, EV 109.4 MPH)
Batting: RHB Halford Pickett 0-0: Fly out, F8 (Flyball, 89D, EV 99.4 MPH)
Bottom of the 1st over - 0 runs, 1 hit, 0 errors, 1 left on base; Ottawa 0 - Buffalo 0
TOP OF THE 2ND
Ottawa Oddballs batting - Pitching for Buffalo Bisons : LHP Jose Castillo
Batting: RHB Francisco Flores 0-0: Called Strike
0-1: Fly out, F2 (Popup, 2RF, EV 89.4 MPH)
Batting: LHB Jose Guevara 0-0: Ball
1-0: Ball
2-0: Ball
3-0: Called Strike
3-1: Foul Ball, location: 2F
3-2: Foul Ball, location: 2F
3-2: Foul Ball, location: 2F
3-2: Foul Ball, location: 2F
3-2: Fly out, F3 (Flyball, 3D, EV 80.6 MPH)
Batting: RHB Travis Swan 0-0: Ball
1-0: Called Strike
1-1: Ball
2-1: Ground out 6-3 (Groundball, 6, EV 105.6 MPH)
Top of the 2nd over - 0 runs, 0 hits, 0 errors, 0 left on base; Ottawa 0 - Buffalo 0
BOTTOM OF THE 2ND
Buffalo Bisons batting - Pitching for Ottawa Oddballs : RHP Javier Pedro
Batting: LHB Alex Faller 0-0: Called Strike
0-1: Foul Ball, location: 2F
0-2: Ball
1-2: Foul Ball, location: 2F
1-2: Fly out, F8 (Line Drive, 8LM, EV 98.8 MPH)
Batting: RHB Joe Carsten 0-0: Called Strike
0-1: Ball
1-1: Swinging Strike
1-2: Strikes out swinging
Batting: RHB Samson Mella 0-0: Ground out 6-3 (Groundball, 6, EV 106.9 MPH)
Bottom of the 2nd over - 0 runs, 0 hits, 0 errors, 0 left on base; Ottawa 0 - Buffalo 0
TOP OF THE 3RD
Ottawa Oddballs batting - Pitching for Buffalo Bisons : LHP Jose Castillo
Batting: RHB Júlio Acevedo 0-0: Called Strike
0-1: SINGLE (Groundball, 56, EV 104.4 MPH)
Batting: LHB Chris Mattson 0-0: Ball
1-0: Ball
2-0: Fly out, F9 (Flyball, 9, EV 95.6 MPH)
Batting: RHB Roger Enfield 0-0: Foul Ball, location: 2F
0-1: Called Strike
0-2: Ball
1-2: Hit by Pitch
Júlio Acevedo to second
Batting: RHB Justin Eddy 0-0: Foul Ball, location: 2F
0-1: Called Strike
0-2: Strikes out swinging
Batting: LHB Jason Sanders 0-0: Ball
1-0: Ground out 6-3 (Groundball, 6S, EV 88.1 MPH)
Top of the 3rd over - 0 runs, 1 hit, 0 errors, 2 left on base; Ottawa 0 - Buffalo 0
BOTTOM OF THE 3RD
Buffalo Bisons batting - Pitching for Ottawa Oddballs : RHP Javier Pedro
Batting: RHB Ismael Flores 0-0: Ground out 6-3 (Groundball, 6, EV 80.0 MPH)
Batting: LHB Israel Darling 0-0: Foul Ball, location: 2F
0-1: Fly out, F8 (Flyball, 8RD, EV 83.8 MPH)
Batting: SHB Hugh Piazza 0-0: Ball
1-0: Foul Ball, location: 2F
1-1: Foul Ball, location: 2F
1-2: Foul Ball, location: 2F
1-2: Ball
2-2: Strikes out swinging
Bottom of the 3rd over - 0 runs, 0 hits, 0 errors, 0 left on base; Ottawa 0 - Buffalo 0
TOP OF THE 4TH
Ottawa Oddballs batting - Pitching for Buffalo Bisons : LHP Jose Castillo
Batting: RHB Joe Gibbs 0-0: Called Strike
0-1: Ball
1-1: Ground out U3 (Groundball, 34S, EV 88.8 MPH)
Batting: RHB Francisco Flores 0-0: Foul Ball, location: 2F
0-1: Ball
1-1: Ball
2-1: Ball
3-1: Foul Ball, location: 2F
3-2: Base on Balls
Batting: LHB Jose Guevara 0-0: Ball
1-0: SINGLE (Line Drive, 89M, EV 99.4 MPH)
Francisco Flores to second
Runner from 2nd tries for 3rd, SAFE, throw by RF made to third
Batting: RHB Travis Swan 0-0: Ball
1-0: Foul Ball, location: 2F
1-1: Fielders Choice at 2nd, 4-6 (Groundball, 34, EV 83.1 MPH)
Francisco Flores scores
Batting: RHB Júlio Acevedo 0-0: Ball
1-0: Foul Ball, location: 2F
1-1: Swinging Strike
1-2: Foul Ball, location: 2F
1-2: Foul Ball, location: 2F
1-2: Strikes out swinging
Top of the 4th over - 1 run, 1 hit, 0 errors, 1 left on base; Ottawa 1 - Buffalo 0
BOTTOM OF THE 4TH
Buffalo Bisons batting - Pitching for Ottawa Oddballs : RHP Javier Pedro
Batting: RHB Venceslás Nazario 0-0: Ground out 6-3 (Groundball, 56, EV 79.4 MPH)
Batting: LHB Tyler Jordan 0-0: Swinging Strike
0-1: Foul Ball, location: 2F
0-2: Ball
1-2: Strikes out swinging
Batting: RHB Halford Pickett 0-0: Swinging Strike
0-1: SINGLE (Flyball, 78S, EV 99.4 MPH)
Batting: LHB Alex Faller 0-0: Called Strike
0-1: Ball
1-1: Swinging Strike
1-2: Foul Ball, location: 2F
1-2: Strikes out swinging
Bottom of the 4th over - 0 runs, 1 hit, 0 errors, 1 left on base; Ottawa 1 - Buffalo 0
TOP OF THE 5TH
Ottawa Oddballs batting - Pitching for Buffalo Bisons : LHP Jose Castillo
Batting: LHB Chris Mattson 0-0: DOUBLE (Groundball, 3L, EV 106.9 MPH)
Batting: RHB Roger Enfield 0-0: Ball
1-0: Ball
2-0: Foul Ball, location: 2F
2-1: Ball
3-1: Foul Ball, location: 2F
3-2: Strikes out swinging
Batting: RHB Justin Eddy 0-0: Called Strike
0-1: Ball
1-1: Reached on error, E6 (Groundball, 56, EV 83.1 MPH)
Chris Mattson to third
Batting: LHB Jason Sanders 0-0: Foul Ball, location: 2F
0-1: Called Strike
0-2: Strikes out swinging
Batting: RHB Joe Gibbs 0-0: Ball
1-0: Called Strike
1-1: Called Strike
1-2: Ball
2-2: Strikes out looking
Top of the 5th over - 0 runs, 1 hit, 1 error, 2 left on base; Ottawa 1 - Buffalo 0
BOTTOM OF THE 5TH
Buffalo Bisons batting - Pitching for Ottawa Oddballs : RHP Javier Pedro
Batting: RHB Joe Carsten 0-0: Foul Ball, location: 2F
0-1: Ball
1-1: SINGLE (Flyball, 4D, EV 91.9 MPH)
Batting: RHB Samson Mella 0-0: Ball
1-0: Ball
Joe Carsten steals 2nd base
2-0: Ball
3-0: Ground out 6-3 (Groundball, 6, EV 90.6 MPH)
Joe Carsten to third
Batting: RHB Ismael Flores 0-0: Foul Ball, location: 2F
0-1: Ball
1-1: SINGLE (Groundball, 6MD, EV 99.4 MPH)
Joe Carsten scores
Batting: LHB Israel Darling 0-0: Called Strike
0-1: Fielders Choice at 2nd, 4-6 (Groundball, 4, EV 103.1 MPH)
Batting: SHB Hugh Piazza 0-0: Ball
1-0: Ball
2-0: Called Strike
2-1: SINGLE (Line Drive, 9S, EV 96.2 MPH)
Israel Darling to second
Runner from 2nd tries for 3rd, SAFE, throw by RF made to third
Batting: RHB Venceslás Nazario 0-0: Ball
1-0: Ball
2-0: Foul Ball, location: 2F
2-1: Foul Ball, location: 2F
2-2: Fielders Choice at 2nd, 6-4 (Groundball, 6, EV 106.2 MPH)
Bottom of the 5th over - 1 run, 3 hits, 0 errors, 2 left on base; Ottawa 1 - Buffalo 1
TOP OF THE 6TH
Ottawa Oddballs batting - Pitching for Buffalo Bisons : LHP Jose Castillo
Batting: RHB Francisco Flores 0-0: Ball
1-0: Ball
2-0: Called Strike
2-1: Foul Ball, location: 2F
2-2: Strikes out swinging
Batting: LHB Jose Guevara 0-0: Ball
1-0: Foul Ball, location: 2F
1-1: Called Strike
1-2: Foul Ball, location: 2F
1-2: Ball
2-2: Fly out, F3 (Popup, 3SF, EV 88.1 MPH)
Batting: RHB Travis Swan 0-0: Swinging Strike
0-1: Called Strike
0-2: Ball
1-2: Ball
2-2: Foul Ball, location: 2F
2-2: DOUBLE (Line Drive, 78D, EV 100.6 MPH)
Batting: RHB Júlio Acevedo 0-0: Ball
1-0: Ball
2-0: Called Strike
2-1: Foul Ball, location: 2F
2-2: Foul Ball, location: 2F
2-2: Strikes out swinging
Top of the 6th over - 0 runs, 1 hit, 0 errors, 1 left on base; Ottawa 1 - Buffalo 1
BOTTOM OF THE 6TH
Buffalo Bisons batting - Pitching for Ottawa Oddballs : RHP Javier Pedro
Batting: LHB Tyler Jordan 0-0: Foul Ball, location: 2F
0-1: Fly out, F7 (Line Drive, 7, EV 88.1 MPH)
Batting: RHB Halford Pickett 0-0: Ball
1-0: Called Strike
1-1: Foul Ball, location: 2F
1-2: Foul Ball, location: 2F
1-2: Ground out 5-3 (Groundball, 56, EV 111.9 MPH)
Batting: LHB Alex Faller 0-0: Fly out, F6 (Popup, 6MS, EV 69.4 MPH)
Bottom of the 6th over - 0 runs, 0 hits, 0 errors, 0 left on base; Ottawa 1 - Buffalo 1
TOP OF THE 7TH
Ottawa Oddballs batting - Pitching for Buffalo Bisons : LHP Jose Castillo
Batting: LHB Chris Mattson 0-0: Called Strike
0-1: Ground out 4-3 (Groundball, 4, EV 82.5 MPH)
Pitching: RHP John Hartnett
Batting: RHB Roger Enfield 0-0: Called Strike
0-1: Ball
1-1: Fly out, F9 (Flyball, 9S, EV 84.4 MPH)
Batting: RHB Justin Eddy 0-0: Swinging Strike
0-1: Called Strike
0-2: Ball
1-2: Foul Ball, location: 2F
1-2: Ball
2-2: Strikes out swinging
Top of the 7th over - 0 runs, 0 hits, 0 errors, 0 left on base; Ottawa 1 - Buffalo 1
BOTTOM OF THE 7TH
Buffalo Bisons batting - Pitching for Ottawa Oddballs : RHP Javier Pedro
Batting: RHB Joe Carsten 0-0: Ball
1-0: Ball
2-0: Ball
3-0: Fly out, F3 (Popup, 23F, EV 87.5 MPH)
Batting: RHB Samson Mella 0-0: Swinging Strike
0-1: Ball
1-1: Foul Ball, location: 2F
1-2: Strikes out swinging
Batting: RHB Ismael Flores 0-0: Ball
1-0: SINGLE (Groundball, 6MD, EV 98.1 MPH)
Batting: LHB Israel Darling 0-0: Ball
1-0: Called Strike
1-1: SINGLE (Line Drive, 78S, EV 105.6 MPH)
Ismael Flores to second
Batting: SHB Hugh Piazza 0-0: Called Strike
0-1: Ball
1-1: Swinging Strike
1-2: Ground out 4-3 (Groundball, 4, EV 87.5 MPH)
Bottom of the 7th over - 0 runs, 2 hits, 0 errors, 2 left on base; Ottawa 1 - Buffalo 1
TOP OF THE 8TH
Ottawa Oddballs batting - Pitching for Buffalo Bisons : RHP John Hartnett
Batting: LHB Jason Sanders 0-0: Called Strike
0-1: Ball
1-1: Ball
2-1: Foul Ball, location: 2F
2-2: Ball
3-2: Ground out U3 (Groundball, 34S, EV 81.9 MPH)
Pinch Hitting: LHB Matthew Midkiff 0-0: Fly out, F7 (Flyball, 7LM, EV 82.5 MPH)
Batting: RHB Francisco Flores 0-0: Ball
1-0: Ball
2-0: Ball
3-0: Called Strike
3-1: Base on Balls
Batting: LHB Jose Guevara 0-0: Swinging Strike
0-1: Called Strike
0-2: Ball
1-2: SINGLE (Line Drive, 34D, EV 110.6 MPH)
Francisco Flores to second
Runner from 2nd tries for 3rd, SAFE, throw by RF made to third
Batting: RHB Travis Swan
Pinch Hitting: RHB Adam Agostino 0-0: Ground out 1-3 (Groundball, 13S, EV 76.2 MPH)
Top of the 8th over - 0 runs, 1 hit, 0 errors, 2 left on base; Ottawa 1 - Buffalo 1
BOTTOM OF THE 8TH
Buffalo Bisons batting - Pitching for Ottawa Oddballs : RHP Javier Pedro
Now at 2B: Adam Agostino
Now at SS: Júlio Acevedo
Now in LF: Matthew Midkiff
Batting: RHB Venceslás Nazario 0-0: Called Strike
0-1: Ball
1-1: Foul Ball, location: 2F
1-2: Foul Ball, location: 2F
1-2: SINGLE (Groundball, 25, EV 66.2 MPH) (infield hit)
Batting: LHB Tyler Jordan 0-0: Called Strike
0-1: Ball
1-1: Ball
2-1: DOUBLE (Flyball, 8RXD, EV 109.4 MPH)
Venceslás Nazario to third
Pitching: RHP Will McCallum
Batting: RHB Halford Pickett 0-0: Ball
1-0: Ball
2-0: Called Strike
2-1: Swinging Strike
2-2: Ball
3-2: Foul Ball, location: 2F
3-2: Foul Ball, location: 2F
3-2: Foul Ball, location: 2F
3-2: Fly out, F9 (Flyball, 9S, EV 89.4 MPH)
Batting: LHB Alex Faller 0-0: Intentional Walk
Batting: RHB Joe Carsten 0-0: Ball
1-0: Fly out, F3 (Popup, 3, EV 66.9 MPH)
Pinch Hitting: LHB Joel Tejada 0-0: Fielders Choice at 2nd, 6-4 (Groundball, 6, EV 83.8 MPH)
Bottom of the 8th over - 0 runs, 2 hits, 0 errors, 3 left on base; Ottawa 1 - Buffalo 1
TOP OF THE 9TH
Ottawa Oddballs batting - Pitching for Buffalo Bisons : RHP John Hartnett
Now at 3B: Joel Tejada
Batting: RHB Júlio Acevedo 0-0: Called Strike
0-1: Foul Ball, location: 2F
0-2: Strikes out swinging
Batting: LHB Chris Mattson 0-0: Ball
1-0: Foul Ball, location: 2F
1-1: Foul Ball, location: 2F
1-2: Ball
2-2: Foul Ball, location: 2F
2-2: Strikes out looking
Batting: RHB Roger Enfield 0-0: Swinging Strike
0-1: Ball
1-1: Ball
2-1: Swinging Strike
2-2: Fly out, F7 (Flyball, 7S, EV 80.6 MPH)
Top of the 9th over - 0 runs, 0 hits, 0 errors, 0 left on base; Ottawa 1 - Buffalo 1
BOTTOM OF THE 9TH
Buffalo Bisons batting - Pitching for Ottawa Oddballs : RHP Will McCallum
Batting: RHB Ismael Flores 0-0: Ground out 5-3 (Groundball, 56, EV 103.8 MPH)
Batting: LHB Israel Darling 0-0: Called Strike
0-1: Foul Ball, location: 2F
0-2: Foul Ball, location: 2F
0-2: Strikes out looking
Batting: SHB Hugh Piazza 0-0: Ball
1-0: Called Strike
1-1: Called Strike
1-2: Ball
2-2: Strikes out looking
Bottom of the 9th over - 0 runs, 0 hits, 0 errors, 0 left on base; Ottawa 1 - Buffalo 1
TOP OF THE 10TH
Ottawa Oddballs batting - Pitching for Buffalo Bisons : RHP John Hartnett
Pitching: RHP Mike Lackey
Batting: RHB Justin Eddy 0-0: Ball
1-0: Ball
2-0: Called Strike
2-1: Ball
3-1: Swinging Strike
3-2: Strikes out looking
Batting: LHB Jason Sanders 0-0: Fly out, F7 (Flyball, 7D, EV 80.6 MPH)
Batting: LHB Matthew Midkiff 0-0: Foul Ball, location: 2F
0-1: Ball
1-1: Called Strike
1-2: Strikes out swinging
Top of the 10th over - 0 runs, 0 hits, 0 errors, 0 left on base; Ottawa 1 - Buffalo 1
BOTTOM OF THE 10TH
Buffalo Bisons batting - Pitching for Ottawa Oddballs : RHP Will McCallum
Batting: RHB Venceslás Nazario 0-0: Ground out 6-3 (Groundball, 6, EV 109.4 MPH)
Batting: LHB Tyler Jordan 0-0: Called Strike
0-1: Ball
1-1: Ball
2-1: Fly out, F8 (Flyball, 8LD, EV 101.9 MPH)
Batting: RHB Halford Pickett 0-0: Fly out, F9 (Flyball, 9, EV 81.9 MPH)
Bottom of the 10th over - 0 runs, 0 hits, 0 errors, 0 left on base; Ottawa 1 - Buffalo 1
TOP OF THE 11TH
Ottawa Oddballs batting - Pitching for Buffalo Bisons : RHP Mike Lackey
Batting: RHB Francisco Flores 0-0: Ball
1-0: Ball
2-0: Ball
3-0: Called Strike
3-1: Base on Balls
Batting: LHB Jose Guevara 0-0: Sac Bunt to 13 - play at first, batter OUT! 1-4
Francisco Flores to second
Batting: RHB Adam Agostino 0-0: Intentional Walk
Batting: RHB Júlio Acevedo 0-0: Ball
1-0: Ball
2-0: Called Strike
2-1: Ball
3-1: Called Strike
3-2: Foul Ball, location: 2F
3-2: Foul Ball, location: 2F
3-2: SINGLE (Line Drive, 8LM, EV 92.5 MPH)
Francisco Flores to third
Adam Agostino to second
Pitching: RHP Mike Wolters
Batting: LHB Chris Mattson 0-0: Swinging Strike
0-1: Swinging Strike
0-2: Ball
1-2: Foul Ball, location: 2F
1-2: Strikes out looking
Batting: RHB Roger Enfield 0-0: Called Strike
0-1: Called Strike
0-2: Strikes out swinging
Top of the 11th over - 0 runs, 1 hit, 0 errors, 3 left on base; Ottawa 1 - Buffalo 1
BOTTOM OF THE 11TH
Buffalo Bisons batting - Pitching for Ottawa Oddballs : RHP Will McCallum
Batting: LHB Alex Faller 0-0: Foul Ball, location: 2F
0-1: Foul Ball, location: 2F
0-2: Fly out, F8 (Line Drive, 8LM, EV 98.1 MPH)
Batting: RHB Joe Carsten 0-0: Ball
1-0: Ground out 5-3 (Groundball, 56S, EV 83.8 MPH)
Pitching: LHP Jack Ugwu
Pinch Hitting: RHB Kraig Band 0-0: Ball
1-0: Fly out, F8 (Flyball, 78D, EV 92.5 MPH)
Bottom of the 11th over - 0 runs, 0 hits, 0 errors, 0 left on base; Ottawa 1 - Buffalo 1
TOP OF THE 12TH
Ottawa Oddballs batting - Pitching for Buffalo Bisons : RHP Mike Wolters
Now at 3B: Kraig Band
Batting: RHB Justin Eddy 0-0: Foul Ball, location: 2F
0-1: Swinging Strike
0-2: Foul Ball, location: 2F
0-2: Ball
1-2: Fly out, F5 (Line Drive, 5, EV 71.9 MPH)
Batting: LHB Jason Sanders 0-0: Ball
1-0: Ball
2-0: Fly out, F7 (Flyball, 7, EV 92.5 MPH)
Batting: LHB Matthew Midkiff 0-0: Ball
1-0: Ball
2-0: Swinging Strike
2-1: Ball
3-1: Swinging Strike
3-2: Foul Ball, location: 2F
3-2: Strikes out swinging
Top of the 12th over - 0 runs, 0 hits, 0 errors, 0 left on base; Ottawa 1 - Buffalo 1
BOTTOM OF THE 12TH
Buffalo Bisons batting - Pitching for Ottawa Oddballs : LHP Jack Ugwu
Batting: RHB Ismael Flores 0-0: Ground out 6-3 (Groundball, 6, EV 89.4 MPH)
Batting: LHB Israel Darling 0-0: Foul Ball, location: 2F
0-1: Swinging Strike
0-2: Strikes out swinging
Batting: SHB Hugh Piazza 0-0: Foul Ball, location: 2F
0-1: Ball
1-1: Foul Ball, location: 2F
1-2: Ball
2-2: Foul Ball, location: 2F
2-2: Foul Ball, location: 2F
2-2: Ball
3-2: Base on Balls
Batting: RHB Venceslás Nazario 0-0: Ball
1-0: Ball
2-0: Called Strike
2-1: Ball
3-1: Ground out 5-3 (Groundball, 56S, EV 68.8 MPH)
Bottom of the 12th over - 0 runs, 0 hits, 0 errors, 1 left on base; Ottawa 1 - Buffalo 1
TOP OF THE 13TH
Ottawa Oddballs batting - Pitching for Buffalo Bisons : RHP Mike Wolters
Batting: RHB Francisco Flores 0-0: Called Strike
0-1: Ground out 5-3 (Groundball, 56, EV 90.6 MPH)
Batting: LHB Jose Guevara 0-0: Called Strike
0-1: Ground out 2-3 (Groundball, 13S, EV 64.4 MPH)
Batting: RHB Adam Agostino 0-0: Called Strike
0-1: Ball
1-1: Called Strike
1-2: Strikes out looking
Top of the 13th over - 0 runs, 0 hits, 0 errors, 0 left on base; Ottawa 1 - Buffalo 1
BOTTOM OF THE 13TH
Buffalo Bisons batting - Pitching for Ottawa Oddballs : LHP Jack Ugwu
Batting: LHB Tyler Jordan 0-0: Ball
1-0: Fly out, F6 (Flyball, 56D, EV 83.8 MPH)
Batting: RHB Halford Pickett 0-0: Ball
1-0: Ball
2-0: Ball
3-0: Base on Balls
Batting: LHB Alex Faller 0-0: Swinging Strike
0-1: Foul Ball, location: 2F
0-2: DOUBLE (Line Drive, 9D, EV 94.4 MPH)
Halford Pickett to third
Runner from 3rd tries for Home, SAFE, no throw by RF
Bottom of the 13th over - 1 run, 1 hit, 0 errors, 0 left on base; Ottawa 1 - Buffalo 2
Game Over ... Buffalo defeats Ottawa, 2 to 1
Wednesday, April 17th , 2024 - OOTP Baseball 24.11 Build 85